cohdb
Replays
Latest Replays
All Replays
Popular Replays
Top Player Replays
Match Explorer
How It Works
Community
CoH3 Stats
Reddit
Sign in to upload your games and track your stats! →
Sign in with Steam
USA complains about its own medicine.
Match 33159807
Overview
Messages
Build Orders
End
Engineer Squad
Construct Barracks
Selects Armored Battlegroup
Selects Veteran Crews
Riflemen Squad
Riflemen Squad
Riflemen Squad
Construct Medical Station
Infantry Support Center
Construct Motor Pool
Selects M31 Recovery Vehicle
M8 Greyhound Armored Car
M1 Anti-tank Gun Team
Engineer Squad
Grenade Package
Riflemen Squad
Selects War Machine
M24 Chaffee Light Tank
M1918 Browning Automatic Rifles
Selects Strength in Steel
Selects M8 Scott SPG
M8 Greyhound Armored Car
Riflemen Squad
M1 Anti-tank Gun Team
M1 Anti-tank Gun Team
Advanced Logistics
Selects M4A3E8 Sherman Combat Group
M4A3E8 Sherman Combat Group
aSIISymbiosis
Andres TC
0
0
Comments
sign in to comment!
No comments posted yet!